 Dungeon Sprint DCSS version 0.24.0-123-gd5b16e6ec5 (webtiles) character file.

Game seed: 8770940441409589801, levelgen mode: deterministic

1096 LordRappington the Severer (level 8, 0/124 HPs)
             Began as a Minotaur Berserker on Jan 24, 2020.
             Was an Elder of Trog.
             Slain by a demonic crawler (7 damage)
             ... in the Dungeon (Sprint I: "Red Sonja").
             The game lasted 00:03:24 (1408 turns).

LordRappington the Severer (Minotaur Berserker)     Turns: 1408, Time: 00:03:25

Health: 0/124      AC:  2    Str: 27    XL:     8   Next: 10%
Magic:  7/7        EV: 13    Int:  6    God:    Trog [****..]
Gold:   270        SH:  0    Dex: 10    Spells: 7/7 levels left

rFire    . . .     SeeInvis .   a - +0 hand axe
rCold    . . .     Gourm    .   (no shield)
rNeg     . . .     Faith    .   b - +0 animal skin
rPois    .         Spirit   .   (helmet restricted)
rElec    .         Reflect  .   (no cloak)
rCorr    .         Harm     .   (no gloves)
MR       .....     NoTele   +   (no boots)
Stlth    ..........             (no amulet)
HPRegen  0.30/turn              (no ring)
MPRegen  0.10/turn              (no ring)

@: berserking, very quick
A: retaliatory headbutt, horns 2
a: Berserk, Trog's Hand, Brothers in Arms, Renounce Religion


You were in the Dungeon.
You worshipped Trog.
Trog was greatly pleased with you.
You were not hungry.

You visited 1 branch You collected 270 gold pieces.

Inventory:

Hand Weapons
 a - a +0 hand axe (weapon)
Armour
 b - a +0 animal skin (worn)
Wands
 j - a wand of polymorph (12)
Scrolls
 i - a scroll of blinking
Potions
 d - a potion of curing
 e - a potion of heal wounds
 f - a potion of haste
 g - 2 potions of magic
 h - a potion of berserk rage
Comestibles
 c - a ration


   Skills:
 * Level 11.8 Fighting
 - Level 15.9 Axes
 * Level 6.7 Armour
 - Level 3.1 Dodging


You had 7 spell levels left.
You didn't know any spells.
Your spell library was empty.

Dungeon Overview and Level Annotations

Branches:
Dungeon (1/1)

Altars:
Makhleb
Sif Muna
Vehumet
Wu Jian
Xom
Jiyva
Lugonu


Innate Abilities, Weirdness & Mutations

You reflexively headbutt those who attack you in melee.
You have a pair of horns on your head.


Message History

The demonic crawler hits you! The demonic crawler closely misses you.
The demonic crawler hits you!
You slash the demonic crawler!
Your headbutt misses the demonic crawler.
The demonic crawler is moderately wounded.
You barely miss the demonic crawler. The demonic crawler hits you!
* * * LOW HITPOINT WARNING * * *
The demonic crawler hits you.
* * * LOW HITPOINT WARNING * * *
The demonic crawler hits you.
* * * LOW HITPOINT WARNING * * *
You slash the demonic crawler!
You headbutt the demonic crawler, but do no damage.
The demonic crawler is heavily wounded.
You slash the demonic crawler! The demonic crawler hits you!
* * * LOW HITPOINT WARNING * * *
The demonic crawler hits you!
* * * LOW HITPOINT WARNING * * *
The demonic crawler hits you!
You die...

######################
..').#.)'..#__#.@ss..#
).#..'..#..'..'.s#s..#
####'#####'#__####...'..#
#..# #.#### #####..+ ####
##.# +## #+#_.+ +..._#
#_.#+# ##+#


You could see 4 demonic crawlers.

Vanquished Creatures
  2 kobold demonologists (D)
  A slime creature (D)
  Sigmund (D)
  A floating eye (D)
  An ogre (D)
  A jelly (D)
  Ijyb (D)
8 creatures vanquished.

Vanquished Creatures (others)
  3 hornets (D)
3 creatures vanquished.

Grand Total: 11 creatures vanquished

Notes
Turn   | Place    | Note
-------+----------+-------------------------------------------
     0 | D        | LordRappington the Minotaur Berserker began the quest for
                  | the Orb.
     0 | D        | Reached XP level 1. HP: 19/19 MP: 0/0
     1 | D        | Noticed Ijyb
    10 | D        | Killed Ijyb
    10 | D        | Reached skill level 5 in Fighting
    10 | D        | Reached skill level 5 in Axes
    10 | D        | Reached XP level 2. HP: 20/29 MP: 1/1
    13 | D        | Noticed an ogre
    20 | D        | Killed an ogre
    20 | D        | Reached skill level 10 in Axes
    20 | D        | Reached XP level 3. HP: 16/36 MP: 2/2
    20 | D        | Reached XP level 4. HP: 19/42 MP: 3/3
   189 | D        | Noticed Sigmund
   201 | D        | Killed Sigmund
   201 | D        | Reached ** piety under Trog
   201 | D        | Reached skill level 13 in Axes
   201 | D        | Reached XP level 5. HP: 14/48 MP: 4/4
   391 | D        | Killed a hornet
   401 | D        | Killed a hornet
   421 | D        | Found an ornate altar of the Wu Jian Council.
   421 | D        | Found a shimmering blue altar of Sif Muna.
   423 | D        | Found a radiant altar of Vehumet.
   431 | D        | Reached skill level 14 in Axes
   431 | D        | Reached XP level 6. HP: 22/56 MP: 5/5
   434 | D        | Killed a hornet
   618 | D        | Found a burning altar of Makhleb.
   618 | D        | Found a viscous altar of Jiyva.
   618 | D        | Found a shimmering altar of Xom.
   618 | D        | Found a corrupted altar of Lugonu.
   618 | D        | Noticed a slime creature
   627 | D        | HP: 2/56 [slime creature (16)]
   630 | D        | Killed a slime creature
   630 | D        | Reached skill level 15 in Axes
  1051 | D        | Noticed a kobold demonologist
  1051 | D        | Noticed a floating eye
  1051 | D        | Noticed a kobold demonologist
  1054 | D        | Killed a floating eye
  1054 | D        | Reached *** piety under Trog
  1054 | D        | Reached XP level 7. HP: 66/66 MP: 6/6
  1058 | D        | Noticed a hellwing
  1070 | D        | Killed a kobold demonologist
  1070 | D        | Reached skill level 10 in Fighting
  1070 | D        | Reached skill level 5 in Armour
  1075 | D        | Killed a kobold demonologist
  1075 | D        | Reached **** piety under Trog
  1075 | D        | Reached XP level 8. HP: 9/83 MP: 7/7
  1398 | D        | Noticed a demonic crawler
  1398 | D        | Noticed a demonic crawler
  1398 | D        | Noticed a demonic crawler
  1398 | D        | Noticed a demonic crawler
  1408 | D        | Slain by a demonic crawler

Levels and vault maps discovered:
D:        dungeon_sprint_1 [red_sonja_temple_1, red_sonja_temple_small_1]

Skill      XL: |  1  2  3  4  5  6  7 |
---------------+----------------------+-----
Fighting       | 5 7 11 | 11.8
Axes           | 5 10 13 14 15 | 15.9
Armour         | 3 4 6 |  6.7
Dodging        | 3 |  3.1

Action                   |  1- 3 |  4- 6 |  7- 9 || total
-------------------------+-------+-------+-------++-------
Melee: Hand axe          |    14 |    29 |    26 ||    69
       Headbutt          |     3 |     4 |     4 ||    11
Invok: Berserk           |       |       |     1 ||     1
  Eat: Ration            |       |       |     1 ||     1
Armor: Animal skin       |       |       |     3 ||     3
Dodge: Dodged            |     8 |     4 |    18 ||    30
